Map: Ephemeron LE

Players

ShoWTimE - Winner!

  • Race: Protoss Protoss
  • League: Master
  • Spawn Location: 11:00

PtitDrogo

  • Race: Protoss Protoss
  • Spawn Location: 5:00

VOD

Have the link to the VOD?

Description

Time

  • Played on: Dec. 1, 2019, 2:52 p.m.
  • Length: 7:35
Show
View Real Time Build Order
Export as new Build Order

ShoWTimE Protoss - Winner!

Build Orders: Phoenix Opening 

Get SALT Encoding   

  12  0:00  Probe  
  13  0:12  Probe  
  14  0:17  Pylon  
  14  0:24  Probe (Chrono Boost)  
  15  0:36  Gateway, Probe (Chrono Boost)  
  16  0:44  Probe (Chrono Boost)  
  16  0:46  Assimilator  
  17  0:51  Probe  
  17  0:54  Assimilator  
  18  1:03  Probe (Chrono Boost)  
  19  1:09  Gateway  
  19  1:13  Probe (Chrono Boost)  
  19  1:18  Probe (Chrono Boost)  
  20  1:24  Cybernetics Core  
  21  1:29  Probe  
  22  1:35  Pylon  
  22  1:41  Probe  
  23  1:53  Probe  
  24  2:00  Stalker x2  
  28  2:01  Warp Gate  
  28  2:08  Pylon  
  28  2:23  Probe  
  28  2:27  Pylon  
  32  2:44  Sentry x2  
  32  2:47  Nexus  
  32  2:50  Probe  
  33  2:56  Shield Battery  
  33  3:02  Probe  
  34  3:06  Pylon  
  34  3:11  Stalker  
  34  3:12  Sentry  
  38  3:15  Probe  
  38  3:18  Phoenix  
  39  3:26  Robotics Facility  
  39  3:28  Probe (Chrono Boost)  
  40  3:40  Probe (Chrono Boost)  
  41  3:46  Probe (Chrono Boost), Shield Battery  
  42  3:52  Adept x2  
  47  3:57  Probe (Chrono Boost)  
  47  3:59  Probe (Chrono Boost)  
  48  4:09  Probe (Chrono Boost)  
  50  4:10  Probe (Chrono Boost)  
  50  4:13  Observer  
  50  4:14  Probe (Chrono Boost)  
  52  4:17  Twilight Council  
  52  4:18  Probe  
  53  4:26  Probe  
  53  4:30  Probe  
  53  4:33  Phoenix  
  53  4:35  Immortal (Chrono Boost)  
  53  4:38  Probe  
  56  4:42  Adept, Probe  
  56  4:45  Shield Battery  
  59  4:51  Resonating Glaives (Chrono Boost)  
  59  4:53  Pylon  
  59  4:59  Gateway  
  58  5:00  Gateway  
  58  5:06  Immortal (Chrono Boost)  
  58  5:13  Gateway  
  62  5:17  Gateway  
  62  5:23  Gateway  
  62  5:25  Gateway  
  62  5:31  Pylon  
  62  5:40  Pylon, Warp Prism (Chrono Boost)  
  64  5:44  Adept  
  64  5:46  Adept  
  68  5:57  Adept x2  
  68  5:59  Pylon  
  72  6:14  Adept x4  
  80  6:23  Pylon  
  80  6:37  Adept x4  
  80  6:38  Adept x3  
  94  6:41  Adept  
  94  6:42  Pylon  
  94  6:58  Adept x5  
  82  7:03  Adept  
  82  7:06  Adept  
  80  7:10  Adept  
  72  7:26  Adept x4  
  72  7:29  Adept x2  
  84  7:32  Adept  
  84  7:35  Adept  
Show
View Real Time Build Order
Export as new Build Order

PtitDrogo Protoss 

Build Orders: Zealot Archon 

Get SALT Encoding   

  12  0:00  Probe  
  13  0:13  Probe  
  14  0:17  Pylon  
  14  0:25  Probe  
  15  0:35  Gateway  
  15  0:37  Probe (Chrono Boost)  
  16  0:46  Probe (Chrono Boost)  
  16  0:47  Assimilator  
  17  0:51  Probe (Chrono Boost)  
  17  0:55  Assimilator  
  18  1:03  Probe (Chrono Boost)  
  19  1:10  Gateway  
  19  1:14  Probe (Chrono Boost)  
  20  1:19  Probe (Chrono Boost)  
  20  1:24  Cybernetics Core  
  21  1:29  Probe  
  22  1:34  Pylon  
  22  1:41  Probe  
  23  1:54  Probe  
  23  2:01  Sentry, Warp Gate (Chrono Boost), Stalker  
  28  2:06  Probe  
  29  2:11  Pylon  
  29  2:20  Probe  
  30  2:22  Pylon  
  30  2:32  Stalker x2  
  34  2:52  Nexus  
  34  2:54  Probe  
  35  3:02  Shield Battery  
  35  3:07  Probe  
  35  3:12  Pylon  
  36  3:16  Pylon  
  35  3:26  Robotics Facility  
  35  3:32  Probe (Chrono Boost)  
  36  3:43  Sentry x2, Probe (Chrono Boost)  
  36  3:48  Probe (Chrono Boost)  
  41  3:49  Forge  
  42  4:01  Probe (Chrono Boost)  
  43  4:04  Probe (Chrono Boost)  
  43  4:07  Adept  
  43  4:09  Adept  
  48  4:14  Probe (Chrono Boost)  
  48  4:15  Probe (Chrono Boost)  
  50  4:19  Probe (Chrono Boost)  
  50  4:21  Shield Battery  
  50  4:23  Probe  
  50  4:31  Protoss Ground Weapons Level 1 (Chrono Boost)  
  50  4:34  Probe  
  50  4:35  Probe  
  52  4:43  Immortal (Chrono Boost)  
  54  4:46  Probe  
  54  4:47  Probe  
  54  4:52  Twilight Council  
  54  4:58  Probe  
  56  5:00  Probe  
  56  5:02  Assimilator  
  56  5:04  Assimilator  
  56  5:11  Probe  
  56  5:12  Probe  
  58  5:25  Pylon, Probe x2  
  60  5:30  Charge (Chrono Boost)  
  60  5:32  Templar Archives  
  60  5:34  Gateway x2  
  60  5:36  Gateway  
  60  5:39  Gateway  
  60  5:42  Stalker  
  62  5:47  Shield Battery  
  62  5:50  Stalker  
  62  5:54  Shield Battery  
  64  5:57  Shield Battery  
  64  6:07  Gateway x2  
  64  6:10  High Templar  
  66  6:13  High Templar  
  66  6:18  Archon  
  68  6:21  Pylon  
  68  6:23  Pylon  
  68  6:31  High Templar  
  70  6:40  Zealot x2, High Templar  
  70  6:43  Archon  
  70  6:46  Zealot x2  
  80  6:49  Shield Battery  
  76  6:56  Immortal (Chrono Boost)  
  62  7:01  Zealot x4  
  62  7:05  Zealot  
  62  7:06  Zealot  
  64  7:11  High Templar  
  64  7:12  High Templar  
  56  7:16  Archon  
  52  7:24  Zealot x4  
  49  7:32  Zealot x2  
Tags
 
Composition
Zealot Archon
League
Master
Matchup
PvP
Spawn Locations
Cross Positions
Add a new tag
Caveats
  • Supply blocks, unpowered buildings, or Contaminate may cause inaccurate times.
  • Supply counts are checked every 10 seconds.